[Event "International chess holiday K22"]
[Site "?"]
[Date "2017.07.28"]
[Round "9"]
[White "Trebbin, Wolfhard"]
[Black "Reichmann, Steffen"]
[Result "1/2-1/2"]
[ECO "A87"]
[WhiteElo "1947"]
[BlackElo "1968"]
[Annotator "Koller,Martin"]
[PlyCount "38"]
[TimeControl "240+2"]

{279MB} 1. d4 d6 2. Nf3 g6 3. g3 Bg7 4. Bg2 f5 5. O-O Nf6 6. c4 O-O 7. Nc3 Qe8
8. d5 Bd7 9. Qb3 Qc8 10. e4 Na6 11. exf5 Nc5 12. Qd1 Bxf5 13. Ne1 Qd7 14. f3
Bh3 15. Be3 b6 16. Qd2 e5 17. b4 Bxg2 18. Nxg2 Na4 19. Ne4 Nxe4 1/2-1/2

[Event "International chess holiday K22"]
[Site "?"]
[Date "2017.07.28"]
[Round "9"]
[White "Kovar, Jan"]
[Black "Pribyl, Jaroslav"]
[Result "0-1"]
[ECO "B11"]
[WhiteElo "1870"]
[BlackElo "1951"]
[Annotator "Koller,Martin"]
[PlyCount "132"]
[TimeControl "240+2"]

{279MB} 1. e4 c6 2. Nc3 d5 3. Nf3 dxe4 4. Nxe4 Bg4 5. h3 Bxf3 6. Qxf3 e6 7. c3
Nd7 8. d4 Ngf6 9. Bd3 Nxe4 10. Qxe4 Nf6 11. Qh4 Be7 12. O-O Nd5 13. Qe4 Nf6 14.
Qh4 g6 15. Qh6 Bf8 16. Qh4 Nd5 17. Qxd8+ Rxd8 18. Bc4 Bg7 19. Bd2 O-O 20. Rad1
Rfe8 21. Rfe1 Kf8 22. Kf1 Rd7 23. Bb3 Red8 24. Bg5 Re8 25. Bh4 Bf6 26. Bg3 Red8
27. Be5 Bxe5 28. dxe5 Nb6 29. Rxd7 Rxd7 30. Ke2 Ke7 31. Rd1 g5 32. g3 h6 33.
Rxd7+ Nxd7 34. f4 gxf4 35. gxf4 f6 36. exf6+ Kxf6 37. Kf3 e5 38. Bc2 exf4 39.
Kxf4 Nb6 40. Be4 Na4 41. Bf5 Nxb2 42. Bc8 Nd3+ 43. Ke4 Nc5+ 44. Kd4 b6 45. Bg4
Ne6+ 46. Kc4 Ke5 47. a4 a5 48. Bf3 Kd6 49. Bg4 Nc5 50. Bd1 Ke5 51. Bf3 Ne4 52.
Bg4 Nf2 53. Bd7 Kd6 54. Bf5 Nd1 55. Bc8 Ne3+ 56. Kd4 Nd5 57. c4 c5+ 58. Kd3
Nb4+ 59. Ke4 Nc2 60. Bg4 Na3 61. Kd3 Ke5 62. Kc3 Ke4 63. Be6 Ke5 64. Bd5 b5 65.
axb5 Nxb5+ 66. Kb3 Nd6 0-1

[Event "International chess holiday M31"]
[Site "?"]
[Date "2017.07.30"]
[Round "1"]
[White "Jurcisin, Imrich"]
[Black "Guenther, Andreas"]
[Result "1/2-1/2"]
[ECO "B01"]
[WhiteElo "2033"]
[BlackElo "2122"]
[Annotator "Koller,Martin"]
[PlyCount "69"]
[TimeControl "240+2"]

{279MB} 1. e4 d5 2. exd5 Qxd5 3. d4 Nc6 4. Nf3 Bg4 5. Be2 O-O-O 6. Be3 e5 7.
O-O exd4 8. Bf4 Nf6 9. Nbd2 Bd6 10. Bg5 Bxf3 11. Nxf3 h6 12. Bxf6 gxf6 13. c3
Be5 14. cxd4 Nxd4 15. Nxd4 Qxd4 16. Bg4+ Kb8 17. Qf3 h5 18. Bf5 Qf4 19. Qxf4
Bxf4 20. Rad1 c5 21. Rd7 Rxd7 22. Bxd7 Be5 23. b3 Rd8 24. Bb5 Kc7 25. g3 h4 26.
gxh4 Rd4 27. Kg2 Rxh4 28. h3 f5 29. Rd1 Bd4 30. Re1 Re4 31. Rxe4 fxe4 32. Be8
f6 33. Bg6 e3 34. fxe3 Bxe3 35. Kf3 1/2-1/2

[Event "International chess holiday M31"]
[Site "?"]
[Date "2017.07.30"]
[Round "1"]
[White "Baasansuren, Erdene"]
[Black "Yanjinlkham, Bayarsainhan"]
[Result "1-0"]
[ECO "D11"]
[WhiteElo "2100"]
[BlackElo "1988"]
[Annotator "Koller,Martin"]
[PlyCount "61"]
[TimeControl "240+2"]

{279MB} 1. d4 d5 2. c4 c6 3. Nf3 Nf6 4. Qc2 g6 5. cxd5 Nxd5 6. e4 Nc7 7. h3 Bg7
8. Be3 Nd7 9. Nc3 e5 10. d5 cxd5 11. exd5 O-O 12. Rd1 b6 13. Be2 Bb7 14. O-O h6
15. d6 Ne8 16. h4 Nef6 17. Nd2 Rc8 18. Qa4 a6 19. Bf3 b5 20. Qb3 Bxf3 21. Nxf3
Kh7 22. g3 Ng4 23. Nd5 e4 24. Nd2 Nxe3 25. Qxe3 f5 26. Ne7 Rc2 27. h5 Ne5 28.
hxg6+ Nxg6 29. Nxe4 fxe4 30. Qxe4 Rf6 31. Qxc2 1-0

[Event "International chess holiday M31"]
[Site "?"]
[Date "2017.07.30"]
[Round "1"]
[White "Sedlacek, Tomas"]
[Black "Brejnik, Gustav"]
[Result "1/2-1/2"]
[ECO "A45"]
[WhiteElo "2100"]
[BlackElo "2031"]
[Annotator "Koller,Martin"]
[PlyCount "84"]
[TimeControl "240+2"]

{279MB} 1. d4 Nf6 2. Bg5 Ne4 3. h4 h6 4. Bf4 d5 5. Nd2 Bf5 6. e3 Nxd2 7. Qxd2
c5 8. Nf3 Nc6 9. c3 e6 10. Ne5 a6 11. Be2 Be7 12. h5 Rc8 13. O-O O-O 14. g4 Bh7
15. Bg3 Bh4 16. Bh2 Qe7 17. f4 Nxe5 18. dxe5 Rfd8 19. Bd3 Bxd3 20. Qxd3 d4 21.
exd4 cxd4 22. c4 b5 23. b3 Qa3 24. Rfd1 bxc4 25. bxc4 Qxd3 26. Rxd3 Rxc4 27.
Rad1 Rc2 28. R1d2 Rxd2 29. Rxd2 d3 30. Kg2 Be1 31. Rd1 Bb4 32. Bg1 d2 33. Be3
Rc8 34. Kf3 Rc2 35. a4 Ra2 36. f5 exf5 37. gxf5 Rxa4 38. Bxd2 Bxd2 39. Rxd2 Kf8
40. Rd6 Ke7 41. f6+ gxf6 42. Rxf6 a5 1/2-1/2

[Event "International chess holiday M31"]
[Site "?"]
[Date "2017.07.30"]
[Round "1"]
[White "Manigk, Sebastian"]
[Black "Michalek, Frantisek"]
[Result "1-0"]
[ECO "D07"]
[WhiteElo "2238"]
[BlackElo "2065"]
[Annotator "Koller,Martin"]
[PlyCount "111"]
[TimeControl "240+2"]

{279MB} 1. d4 d5 2. c4 Nc6 3. Nc3 Nf6 4. cxd5 Nxd5 5. e4 Nxc3 6. bxc3 e5 7. d5
Nb8 8. Be3 Bd6 9. Bd3 O-O 10. Ne2 Nd7 11. O-O Nc5 12. Bc2 Qe7 13. Ng3 f6 14.
Qd2 Bd7 15. Rab1 b6 16. f3 g5 17. Bd1 Qf7 18. Be2 a6 19. Bc4 Qg6 20. Kh1 Kg7
21. Qe2 Bc8 22. Qc2 h6 23. a4 Bd7 24. a5 b5 25. Be2 Rfb8 26. Rfc1 Qe8 27. Bf1
Kg6 28. Qf2 Qe7 29. Rc2 Rb7 30. Qd2 Rab8 31. Rcb2 Na4 32. Rb3 Nc5 33. R3b2 Na4
34. Ra2 Bc5 35. Rc1 Bxe3 36. Qxe3 Qc5 37. Qxc5 Nxc5 38. Rb2 Kf7 39. Rb4 Ke7 40.
Be2 Ke8 41. Kg1 Ke7 42. Kf2 Ke8 43. Nh5 Ke7 44. g4 Be8 45. Ng3 Bd7 46. Rc2 Kd8
47. Nf1 Ke7 48. Ne3 Kf7 49. c4 bxc4 50. Rbxc4 Nb3 51. Rxc7 Nd4 52. Bxa6 Rxc7
53. Rxc7 Ke8 54. Rb7 Ra8 55. Rb6 Ke7 56. Nc4 1-0

[Event "International chess holiday M31"]
[Site "?"]
[Date "2017.07.30"]
[Round "1"]
[White "Vavrinec, Tomas"]
[Black "Holy, Filip"]
[Result "1/2-1/2"]
[ECO "A12"]
[WhiteElo "1960"]
[BlackElo "2007"]
[Annotator "Koller,Martin"]
[PlyCount "145"]
[TimeControl "240+2"]

{279MB} 1. Nf3 d5 2. c4 c6 3. g3 Nf6 4. Bg2 Bf5 5. O-O e6 6. b3 h6 7. Bb2 Nbd7
8. d3 Bc5 9. Nc3 O-O 10. Qc2 Bh7 11. e4 Rc8 12. e5 Ne8 13. Qe2 Be7 14. d4 dxc4
15. bxc4 Nc7 16. Rfd1 b5 17. cxb5 Nxb5 18. Nxb5 cxb5 19. Qxb5 Rb8 20. Qe2 Qb6
21. Bc1 Rfc8 22. Be3 Qa5 23. d5 exd5 24. Bh3 Rc2 25. Bd2 Nf8 26. Nd4 Rxd2 27.
Rxd2 Qc3 28. Rad1 Bc5 29. e6 Be4 30. Nb3 Bf3 31. Qd3 Qxd3 32. Rxd3 Bxd1 33.
Rxd1 Be7 34. exf7+ Kxf7 35. Rxd5 Rb4 36. Rf5+ Bf6 37. Ra5 Rb7 38. Nc5 Rc7 39.
Ne4 Bd4 40. Nd6+ Kg8 41. Rd5 Bb6 42. Nc8 Bc5 43. Rd8 Kf7 44. Nd6+ Ke7 45. Re8+
Kxd6 46. Rxf8 Kd5 47. Rf5+ Kc4 48. Bf1+ Kc3 49. Kg2 a5 50. a4 Bb4 51. h4 Kb3
52. Bb5 Rc1 53. Kh3 Ra1 54. Rf3+ Bc3 55. Kg4 Rd1 56. Kh5 Rd6 57. g4 Kb4 58.
Rf4+ Bd4 59. f3 Kc5 60. Rf7 Re6 61. f4 Bc3 62. Rc7+ Kb4 63. f5 Rf6 64. Bd7 Rb6
65. Bc6 Be5 66. Rc8 Rxc6 67. Rxc6 Kxa4 68. Rb6 Bd4 69. Rb7 Ka3 70. Kg6 a4 71.
g5 hxg5 72. hxg5 Ka2 73. Rb4 *

[Event "International chess holiday K31"]
[Site "?"]
[Date "2017.07.30"]
[Round "1"]
[White "Cisarik, Pavol"]
[Black "Novak, Jindrich"]
[Result "0-1"]
[ECO "B07"]
[WhiteElo "1674"]
[BlackElo "2105"]
[Annotator "Koller,Martin"]
[PlyCount "62"]
[TimeControl "240+2"]

{279MB} 1. e4 d6 2. d4 e5 3. dxe5 dxe5 4. Qxd8+ Kxd8 5. Nf3 f6 6. Nc3 c6 7. Be3
Kc7 8. Bc4 Nd7 9. O-O Nc5 10. b4 Be6 11. Be2 Nd7 12. Rab1 Ne7 13. Rfd1 Nc8 14.
b5 Ncb6 15. a4 Bc5 16. Bxc5 Nxc5 17. a5 Nba4 18. Nxa4 Nxa4 19. bxc6 bxc6 20. a6
Rab8 21. Bd3 Nc3 22. Rxb8 Rxb8 23. Ra1 c5 24. h3 c4 25. Bf1 Nxe4 26. g4 Rb2 27.
Bg2 Nc5 28. Ra5 Kb6 29. Ra3 Rxc2 30. g5 Nxa6 31. gxf6 gxf6 0-1

[Event "International chess holiday K31"]
[Site "?"]
[Date "2017.07.30"]
[Round "1"]
[White "Hering, Sven"]
[Black "Hapke, Ralf"]
[Result "1/2-1/2"]
[ECO "C20"]
[WhiteElo "1949"]
[BlackElo "1828"]
[Annotator "Koller,Martin"]
[PlyCount "44"]
[TimeControl "240+2"]

{279MB} 1. e4 e5 2. Qh5 Nf6 3. Qxe5+ Be7 4. Qf4 O-O 5. Bc4 d5 6. exd5 Nxd5 7.
Qf3 Nf6 8. Ne2 Nc6 9. O-O Ne5 10. Qb3 Nxc4 11. Qxc4 Be6 12. Qd4 Bd6 13. Nbc3 c6
14. d3 Qe7 15. Ne4 Nxe4 16. Qxe4 Qf6 17. Nf4 Bf5 18. Qf3 Rfe8 19. Rb1 Re7 20.
Nh3 Qg6 21. Nf4 Qf6 22. Nh3 Qg6 1/2-1/2

[Event "International chess holiday K31"]
[Site "?"]
[Date "2017.07.30"]
[Round "1"]
[White "Aubrecht, Petr"]
[Black "Vít, Zdenek"]
[Result "1/2-1/2"]
[ECO "C80"]
[WhiteElo "1935"]
[BlackElo "1889"]
[Annotator "Koller,Martin"]
[PlyCount "62"]
[TimeControl "240+2"]

{279MB} 1. e4 e5 2. Nf3 Nc6 3. Bb5 a6 4. Ba4 Nf6 5. O-O Nxe4 6. Re1 Nc5 7. Bxc6
dxc6 8. Nxe5 Be7 9. d4 Ne6 10. c3 O-O 11. Qd3 Bg5 12. Bxg5 Qxg5 13. Qg3 Qxg3
14. hxg3 f6 15. Nf3 Kf7 16. c4 Re8 17. Nc3 Bd7 18. Rad1 Rad8 19. d5 Nf8 20. Nd4
Rxe1+ 21. Rxe1 cxd5 22. Nxd5 Be6 23. Nxe6 Nxe6 24. Kf1 c6 25. Nc3 Rd2 26. Re2
Rxe2 27. Kxe2 Ke7 28. Ke3 f5 29. b4 b5 30. cxb5 cxb5 31. Nd5+ Kd6 1/2-1/2

[Event "International chess holiday K31"]
[Site "?"]
[Date "2017.07.30"]
[Round "1"]
[White "Nelson, Wayne"]
[Black "Zizka, Petr"]
[Result "1/2-1/2"]
[ECO "A45"]
[WhiteElo "2056"]
[BlackElo "1966"]
[Annotator "Koller,Martin"]
[PlyCount "86"]
[TimeControl "240+2"]

{279MB} 1. d4 Nf6 2. Bg5 c6 3. Nf3 g6 4. e3 Bg7 5. Bd3 O-O 6. Nbd2 d6 7. O-O
Nbd7 8. Re1 Qc7 9. e4 e5 10. dxe5 dxe5 11. c3 Nc5 12. Bc2 Rd8 13. Qe2 b5 14.
Nb3 Ne6 15. Rad1 Bb7 16. Bc1 a6 17. Rxd8+ Rxd8 18. Rd1 Rxd1+ 19. Qxd1 c5 20.
Qe1 c4 21. Nbd2 Nd7 22. Nf1 Ndc5 23. Ng3 Qd6 24. Qd2 Qxd2 25. Bxd2 f6 26. Kf1
Kf7 27. Ke1 h5 28. Kf1 Bf8 29. b3 a5 30. Be3 Ba6 31. Kg1 Nb7 32. bxc4 bxc4 33.
Nd2 Bc5 34. Ngf1 Ba3 35. Nb1 Bd6 36. Bb6 Bc5 37. Bxc5 Nexc5 38. Ne3 Nd6 39. f3
Bb5 40. Na3 Ba4 41. Bxa4 Nxa4 42. Naxc4 Nxc4 43. Nxc4 Nxc3 1/2-1/2

[Event "International chess holiday K31"]
[Site "?"]
[Date "2017.07.30"]
[Round "1"]
[White "Pokorny, Jan"]
[Black "Civin, Dominik"]
[Result "1-0"]
[ECO "A37"]
[WhiteElo "1835"]
[BlackElo "1846"]
[Annotator "Koller,Martin"]
[PlyCount "87"]
[TimeControl "240+2"]

{279MB} 1. c4 c5 2. Nf3 Nc6 3. g3 g6 4. Nc3 Bg7 5. Bg2 d6 6. O-O e5 7. d3 Nge7
8. Bg5 h6 9. Bd2 O-O 10. Ne1 f5 11. e3 Be6 12. Nd5 Rb8 13. Qa4 a6 14. Rb1 g5
15. Nc2 Ng6 16. f4 gxf4 17. exf4 Nd4 18. Nxd4 cxd4 19. b4 Bd7 20. b5 Re8 21.
Qa3 axb5 22. Qxd6 Re6 23. Qc7 bxc4 24. dxc4 e4 25. Rxb7 Qxc7 26. Rxc7 Ba4 27.
Bb4 Rc6 28. a3 Rxc7 29. Nxc7 Rc8 30. Nd5 Bb3 31. Nb6 Rc6 32. c5 d3 33. Rc1 Bd4+
34. Kf1 Be3 35. Rb1 Bc2 36. Nd5 Bxc5 37. Ra1 Bxb4 38. Nxb4 Rc4 39. Ke1 e3 40.
Bd5+ Kg7 41. Bxc4 d2+ 42. Ke2 d1=Q+ 43. Rxd1 Bxd1+ 44. Kxd1 1-0

[Event "International chess holiday M31"]
[Site "?"]
[Date "2017.07.30"]
[Round "2"]
[White "Holy, Filip"]
[Black "Baasansuren, Erdene"]
[Result "0-1"]
[ECO "B91"]
[WhiteElo "2007"]
[BlackElo "2100"]
[Annotator "Koller,Martin"]
[PlyCount "70"]
[TimeControl "240+2"]

{279MB} 1. e4 c5 2. Nf3 d6 3. d4 cxd4 4. Nxd4 Nf6 5. Nc3 a6 6. g3 e5 7. Nde2 b5
8. Bg2 Nbd7 9. O-O Be7 10. h3 b4 11. Nd5 Nxd5 12. exd5 a5 13. a3 bxa3 14. Rxa3
Bb7 15. Bd2 Qc7 16. Bc3 O-O 17. Qd2 a4 18. Rfa1 Qc4 19. Bb4 Nb6 20. Rd3 Rfc8
21. c3 Bg5 22. f4 exf4 23. gxf4 Be7 24. Rd4 Qb5 25. Ng3 Bf6 26. Nf5 Nc4 27.
Rxc4 Rxc4 28. Nxd6 Qb6+ 29. Qf2 Rxb4 30. Qxb6 Rxb6 31. Nxb7 Rxb7 32. d6 Rbb8
33. Bxa8 Rxa8 34. Kf2 Kf8 35. Ke3 Ke8 0-1

[Event "International chess holiday M31"]
[Site "?"]
[Date "2017.07.30"]
[Round "2"]
[White "Michalek, Frantisek"]
[Black "Brejnik, Gustav"]
[Result "0-1"]
[ECO "B11"]
[WhiteElo "2065"]
[BlackElo "2031"]
[Annotator "Koller,Martin"]
[PlyCount "53"]
[TimeControl "240+2"]

{279MB} 1. e4 c6 2. Nc3 d5 3. Nf3 Bg4 4. h3 Bxf3 5. Qxf3 e6 6. d4 dxe4 7. Qxe4
Nf6 8. Qh4 Be7 9. Bg5 Qb6 10. O-O-O Nbd7 11. Be2 Bb4 12. Qg3 O-O-O 13. Bxf6
Nxf6 14. a3 Bf8 15. Na4 Qc7 16. Qxc7+ Kxc7 17. Nc3 Be7 18. Bf3 Rd7 19. Rd3 Rhd8
20. Rhd1 Ng8 21. Ne4 Nh6 22. Be2 Nf5 23. c3 Rd5 24. Kc2 e5 25. dxe5 Rxe5 26.
Rxd8 Bxd8 27. f3 0-1

[Event "International chess holiday M31"]
[Site "?"]
[Date "2017.07.30"]
[Round "2"]
[White "Yinjinlkham, Bayarsaikham"]
[Black "Sedlacek, Tomas"]
[Result "1-0"]
[ECO "D02"]
[WhiteElo "1988"]
[BlackElo "2100"]
[Annotator "Koller,Martin"]
[PlyCount "73"]
[TimeControl "240+2"]

{279MB} 1. d4 Nc6 2. Nf3 d5 3. e3 Bg4 4. Be2 e6 5. O-O Nf6 6. Nbd2 Be7 7. b3
O-O 8. Bb2 Ne4 9. Nxe4 dxe4 10. Nd2 Bxe2 11. Qxe2 f5 12. f3 exf3 13. Nxf3 Bf6
14. Rad1 Qe8 15. e4 Qh5 16. c4 Rad8 17. e5 Be7 18. d5 Bc5+ 19. Kh1 Ne7 20. d6
Nc6 21. dxc7 Rc8 22. Rd7 Bb6 23. Ba3 Qe8 24. Rfd1 Rf7 25. Rxf7 Qxf7 26. b4 Bxc7
27. b5 Nd8 28. Qe3 b6 29. c5 Qe8 30. c6 Nf7 31. Bd6 Bd8 32. Qb3 Bc7 33. a4 Kh8
34. Nd4 Bxd6 35. exd6 Nxd6 36. Qxe6 Ne4 37. Kg1 1-0

[Event "International chess holiday M31"]
[Site "?"]
[Date "2017.07.30"]
[Round "2"]
[White "Guenther, Andreas"]
[Black "Vavrinec, Tomas"]
[Result "1-0"]
[ECO "A43"]
[WhiteElo "2122"]
[BlackElo "1960"]
[Annotator "Koller,Martin"]
[PlyCount "98"]
[TimeControl "240+2"]

{279MB} 1. d4 Nf6 2. Nf3 c5 3. d5 e6 4. Nc3 exd5 5. Nxd5 Nxd5 6. Qxd5 Nc6 7.
Bf4 Be7 8. O-O-O O-O 9. e4 Qa5 10. Bd2 Qb6 11. e5 d6 12. exd6 Be6 13. Qe4 Bf6
14. c3 Bxa2 15. Bd3 g6 16. Bg5 Bg7 17. Bc4 Rae8 18. Qd3 Bxc4 19. Qxc4 Na5 20.
Qd5 Re2 21. Nd2 Nc6 22. Be3 Nd4 23. Kb1 Ne6 24. Nc4 Qb3 25. Qd3 Rxe3 26. Nxe3
Rd8 27. Rd2 a5 28. Qc4 Qb6 29. Nd5 Qa7 30. Qb5 a4 31. Qb6 Qa8 32. Ka2 Bf8 33.
Rhd1 a3 34. b3 Rxd6 35. Nf6+ Kg7 36. Rxd6 Bxd6 37. Rxd6 Kxf6 38. Qxc5 b6 39.
Rxb6 Qxg2 40. Kxa3 Qxh2 41. Qd4+ Kg5 42. Rb5+ Kh6 43. Qe3+ Kg7 44. Qe5+ Qxe5
45. Rxe5 h5 46. b4 h4 47. b5 h3 48. b6 Nc5 49. Re3 h2 1-0

[Event "International chess holiday M31"]
[Site "?"]
[Date "2017.07.30"]
[Round "2"]
[White "Manigk, Sebastian"]
[Black "Jurcisin, Imrich"]
[Result "1-0"]
[ECO "A52"]
[WhiteElo "2238"]
[BlackElo "2033"]
[Annotator "Koller,Martin"]
[PlyCount "77"]
[TimeControl "240+2"]

{279MB} 1. d4 Nf6 2. c4 e5 3. dxe5 Ng4 4. Bf4 Nc6 5. Nf3 Bb4+ 6. Nbd2 Qe7 7. e3
Ngxe5 8. Nxe5 Nxe5 9. Be2 a5 10. O-O O-O 11. a3 Bc5 12. Nb3 Bb6 13. c5 Bxc5 14.
Nxc5 Qxc5 15. Rc1 Qe7 16. Rxc7 Re8 17. Qd5 Nc6 18. Rd1 a4 19. Bg4 Qf6 20. Bxd7
Bxd7 21. Rxd7 Rad8 22. Bg5 Rxd7 23. Qxd7 Qe5 24. Qxb7 Na5 25. Qd7 Nc4 26. Qxa4
Nxb2 27. Qxe8+ Qxe8 28. Rd8 Kf8 29. e4 f6 30. Rxe8+ Kxe8 31. Bc1 Nd3 32. Be3
Kd7 33. Kf1 Kc6 34. Ke2 Nb2 35. Bc1 Na4 36. Bd2 Kc5 37. Kd3 Nb2+ 38. Kc3 Nc4
39. Be3+ 1-0

[Event "International chess holiday K31"]
[Site "?"]
[Date "2017.07.30"]
[Round "2"]
[White "Hapke, Ralf"]
[Black "Aubrecht, Petr"]
[Result "0-1"]
[ECO "B23"]
[WhiteElo "1828"]
[BlackElo "1935"]
[Annotator "Koller,Martin"]
[PlyCount "70"]
[TimeControl "240+2"]

{279MB} 1. e4 c5 2. Nc3 d6 3. f4 Nc6 4. Nf3 a6 5. a4 Nf6 6. Bc4 e6 7. d3 Be7 8.
O-O O-O 9. e5 Ne8 10. Kh1 d5 11. Ba2 f6 12. Ne2 b5 13. c3 c4 14. d4 f5 15. Bb1
b4 16. Rg1 Na5 17. Be3 g6 18. g4 Ng7 19. Qf1 Nb3 20. Ra2 fxg4 21. Rxg4 Nf5 22.
Bf2 Kf7 23. Qh3 h5 24. Bxf5 exf5 25. Rg1 Rg8 26. Bh4 Bxh4 27. Qxh4 Qxh4 28.
Nxh4 Nd2 29. cxb4 Rb8 30. Nc3 Rxb4 31. Rg2 Ne4 32. Nxd5 Rb3 33. Nf6 Nxf6 34.
exf6 Bb7 35. Kg1 Bxg2 0-1

[Event "International chess holiday K31"]
[Site "?"]
[Date "2017.07.30"]
[Round "2"]
[White "Cisarik, Pavol"]
[Black "Pokorny, Jan"]
[Result "0-1"]
[ECO "B76"]
[WhiteElo "1674"]
[BlackElo "1835"]
[Annotator "Koller,Martin"]
[PlyCount "92"]
[TimeControl "240+2"]

{279MB} 1. e4 c5 2. Nf3 d6 3. d4 cxd4 4. Nxd4 g6 5. Nc3 Bg7 6. Be3 Nf6 7. f3
O-O 8. Qd2 a6 9. h4 Nc6 10. O-O-O Nxd4 11. Bxd4 Be6 12. h5 Qa5 13. Kb1 Rfe8 14.
hxg6 fxg6 15. Nd5 Qxd2 16. Nxf6+ Bxf6 17. Rxd2 Bxd4 18. Rxd4 Rac8 19. a4 Rc7
20. Rb4 Rec8 21. Bd3 Bd7 22. g4 a5 23. Rd4 Rc5 24. b3 b5 25. axb5 Bxb5 26. Bxb5
Rxb5 27. Kb2 Rbc5 28. Rc1 Rc3 29. Rd3 Rxd3 30. cxd3 Rxc1 31. Kxc1 h5 32. gxh5
gxh5 33. Kd2 Kg7 34. f4 Kh6 35. Ke3 h4 36. Kf3 Kh5 37. d4 h3 38. e5 h2 39. Kg2
Kg4 40. exd6 exd6 41. d5 Kxf4 42. Kxh2 Ke4 43. Kg2 Kxd5 44. Kf2 Kd4 45. Ke2 Kc3
46. Ke3 d5 0-1

[Event "International chess holiday K31"]
[Site "?"]
[Date "2017.07.30"]
[Round "2"]
[White "Zizka, Petr"]
[Black "Hering, Sven"]
[Result "0-1"]
[ECO "A01"]
[WhiteElo "1966"]
[BlackElo "1949"]
[Annotator "Koller,Martin"]
[PlyCount "68"]
[TimeControl "240+2"]

{279MB} 1. b3 Nf6 2. Bb2 g6 3. Bxf6 exf6 4. c4 d5 5. cxd5 Qxd5 6. e3 Qd8 7. Nf3
Bg7 8. Nc3 c5 9. Rc1 O-O 10. Bc4 Nc6 11. O-O f5 12. Ne2 Na5 13. d4 Nxc4 14.
bxc4 Re8 15. Nc3 Bd7 16. Qd3 Rc8 17. Rfd1 Be6 18. d5 Bd7 19. Rb1 b6 20. Nb5 Ra8
21. Qb3 Bf8 22. Rd2 a6 23. Nc3 Rb8 24. a4 Bg7 25. Rc2 f4 26. Re1 Bg4 27. e4
Bxf3 28. gxf3 Qh4 29. Kh1 Bd4 30. Nd1 Re5 31. Rg1 Qh3 32. Rg2 Rxe4 33. Rg1 Rbe8
34. Qxb6 Qxf3+ 0-1

[Event "International chess holiday K31"]
[Site "?"]
[Date "2017.07.30"]
[Round "2"]
[White "Novak, Jindrich"]
[Black "Vit, Zdenek"]
[Result "1-0"]
[ECO "D03"]
[WhiteElo "2105"]
[BlackElo "1889"]
[Annotator "Koller,Martin"]
[PlyCount "43"]
[TimeControl "240+2"]

{279MB} 1. d4 Nf6 2. Bg5 e6 3. Nf3 Be7 4. Nbd2 h6 5. Bh4 d5 6. e3 O-O 7. Rc1 b6
8. Bd3 Bb7 9. O-O Ne4 10. Bxe7 Qxe7 11. c3 Nd7 12. Bb1 f5 13. g3 Ndf6 14. Ne5
Qe8 15. f3 Nd6 16. Kg2 Ba6 17. Bd3 Bxd3 18. Nxd3 Qb5 19. Qc2 Nc4 20. a4 Qa6 21.
Nxc4 Qxc4 22. Nb4 1-0

[Event "International chess holiday K31"]
[Site "?"]
[Date "2017.07.30"]
[Round "2"]
[White "Civin, Dominik"]
[Black "Nelson, Wayne"]
[Result "1-0"]
[ECO "D35"]
[WhiteElo "1846"]
[BlackElo "2056"]
[Annotator "Koller,Martin"]
[PlyCount "105"]
[TimeControl "240+2"]

{279MB} 1. d4 c6 2. c4 d5 3. Nc3 Nf6 4. Nf3 e6 5. Bg5 Be7 6. e3 O-O 7. cxd5
exd5 8. Bd3 Re8 9. Qc2 h6 10. Bf4 Be6 11. h3 Nbd7 12. O-O-O c5 13. g4 c4 14.
Bf5 Bxf5 15. Qxf5 g6 16. Qc2 Kg7 17. Bxh6+ Kxh6 18. g5+ Kg7 19. gxf6+ Nxf6 20.
Ne5 Rh8 21. Rdg1 Rh6 22. f4 Bd6 23. f5 Bxe5 24. dxe5 Nd7 25. fxg6 Rxg6 26. e6
Ne5 27. exf7 Nd3+ 28. Kb1 Kxf7 29. Rxg6 Kxg6 30. Qg2+ Qg5 31. Qxd5 Qxd5 32.
Nxd5 Kf5 33. h4 Ke4 34. Nf6+ Kxe3 35. h5 Kf4 36. h6 Kg5 37. Ng8 Rxg8 38. Rg1+
Kxh6 39. Rxg8 a6 40. Rb8 Nc5 41. Rc8 Ne4 42. Kc2 Nd6 43. Rc7 Kg6 44. Rd7 Nb5
45. Rxb7 Kf5 46. Rxb5+ axb5 47. Kc3 Ke4 48. Kb4 Kd3 49. Kxb5 c3 50. bxc3 Kxc3
51. a4 Kd4 52. a5 Ke5 53. Kb6 1-0

[Event "International chess holiday M31"]
[Site "?"]
[Date "2017.07.31"]
[Round "3"]
[White "Vavrinec, Tomas"]
[Black "Manigk, Sebastian"]
[Result "0-1"]
[ECO "A29"]
[WhiteElo "1960"]
[BlackElo "2238"]
[Annotator "Koller,Martin"]
[PlyCount "54"]
[TimeControl "240+2"]

{279MB} 1. c4 e5 2. Nc3 Nf6 3. g3 d5 4. cxd5 Nxd5 5. Bg2 Nb6 6. Nf3 Nc6 7. O-O
Be7 8. Rb1 f6 9. Qb3 Bf5 10. d3 Qd7 11. a3 Be6 12. Qc2 O-O 13. b4 a5 14. b5 Nd4
15. Nxd4 exd4 16. Na4 Bd5 17. Nc5 Qf5 18. Ne4 Rac8 19. Bb2 Rfd8 20. Qd2 Qd7 21.
Rfc1 Na4 22. Ra1 f5 23. Bh3 Be6 24. Ng5 Bxg5 25. Qxg5 Nxb2 26. Qd2 Na4 27. Qxa5
Nc3 0-1

[Event "International chess holiday M31"]
[Site "?"]
[Date "2017.07.31"]
[Round "3"]
[White "Sedlacek, Tomas"]
[Black "Holy, Filip"]
[Result "1/2-1/2"]
[ECO "D03"]
[WhiteElo "2100"]
[BlackElo "2007"]
[Annotator "Koller,Martin"]
[PlyCount "50"]
[TimeControl "240+2"]

{279MB} 1. d4 d5 2. Nf3 Nf6 3. Bg5 Ne4 4. Bh4 c5 5. e3 Qb6 6. Qc1 Nc6 7. c3 Bf5
8. Nbd2 e6 9. Be2 Bd6 10. Nxe4 Bxe4 11. Bg3 Rd8 12. O-O O-O 13. Nd2 Bg6 14. f4
f6 15. Bf3 Bf7 16. Kh1 e5 17. fxe5 fxe5 18. dxc5 Bxc5 19. e4 d4 20. b4 Be7 21.
a3 Bg5 22. Rd1 Bb3 23. Rf1 Bf7 24. Rd1 Bb3 25. Rf1 Bf7 1/2-1/2

[Event "International chess holiday M31"]
[Site "?"]
[Date "2017.07.31"]
[Round "3"]
[White "Jurcisin, Imrich"]
[Black "Michalek, Frantisek"]
[Result "1-0"]
[ECO "C41"]
[WhiteElo "2033"]
[BlackElo "2065"]
[Annotator "Koller,Martin"]
[PlyCount "49"]
[TimeControl "240+2"]

{279MB} 1. e4 e5 2. Nf3 d6 3. d4 Nd7 4. Bc4 Be7 5. dxe5 Nxe5 6. Nxe5 dxe5 7.
Qh5 g6 8. Qxe5 f6 9. Qb5+ Kf8 10. Nc3 c6 11. Qb3 Kg7 12. Bf4 b5 13. Be6 Bxe6
14. Qxe6 Qc8 15. Qxc8 Rxc8 16. O-O-O Bc5 17. Rd7+ Ne7 18. Rhd1 Kf7 19. Bd6 Bxd6
20. R1xd6 a5 21. Ne2 Rhf8 22. Nd4 Ke8 23. Ra7 a4 24. Ra6 Kf7 25. Nxc6 1-0

[Event "International chess holiday M31"]
[Site "?"]
[Date "2017.07.31"]
[Round "3"]
[White "Baasansuren, Erdene"]
[Black "Guenther, Andreas"]
[Result "1-0"]
[ECO "A80"]
[WhiteElo "2100"]
[BlackElo "2122"]
[Annotator "Koller,Martin"]
[PlyCount "61"]
[TimeControl "240+2"]

{279MB} 1. d4 f5 2. Nc3 Nf6 3. Bg5 d5 4. e3 e6 5. Bd3 c5 6. dxc5 Bxc5 7. Nb5
O-O 8. Bf4 Nc6 9. Nf3 Bd7 10. a3 a6 11. Nbd4 Qe7 12. c4 Rac8 13. O-O Rfd8 14.
Qe2 Be8 15. cxd5 Nxd5 16. Bg5 Nf6 17. Rad1 Kh8 18. Bc4 Rd6 19. Bf4 Nd8 20. Bxd6
Bxd6 21. h3 Bh5 22. Bd3 Nf7 23. e4 fxe4 24. Bxe4 Ng5 25. Bb1 Rf8 26. Qe3 Nxf3+
27. Nxf3 Bc5 28. Qe2 Nd5 29. Qe4 Bg6 30. Qh4 Qf7 31. Ne5 1-0